 Dungeon Sprint DCSS version 0.30-a0-272-gf98c3da03f (webtiles) character file.

Game seed: 7444827302821944002

469 purpskrrrp the Ruffian (level 6, -1/68 HPs)
             Began as a Troll Fighter on Oct 15, 2022.
             Was an Initiate of Makhleb.
             Slain by Sonja
             ... wielding a +2 short sword of distortion
              (2 damage)
             ... in the Dungeon (Sprint I: "Red Sonja").
             The game lasted 00:02:30 (175 turns).

purpskrrrp the Ruffian (Troll Fighter)               Turns: 175, Time: 00:02:30

Health: -1/68      AC:  6    Str: 27    XL:     6   Next: 82%
Magic:  0/5        EV: 10    Int:  4    God:    Makhleb [......]
Gold:   297        SH:  9    Dex:  9    Spells: 5/5 levels left

rFire   . . .      SeeInvis .      - Unarmed
rCold   . . .      Faith    .    b - +0 kite shield
rNeg    . . .      Spirit   +    k - +2 robe {Will+}
rPois   .          Reflect  .    (helmet restricted)
rElec   .          Harm     .    (no cloak)
rCorr   .          Rampage  .    (gloves unavailable)
Will    +....      NoTele   +    (boots unavailable)
Stlth   +.........               l - amulet of guardian spirit
HPRegen 1.11/turn                (no ring)
MPRegen 0.09/turn                (no ring)

@: lethally poisoned (-1 -> -2), hasted and slowed
A: large, unfitting armour, claws 3, regeneration 1, shaggy fur 1, tough skin 1
a: Renounce Religion


You were in the Dungeon.
You worshipped Makhleb.
Makhleb was noncommittal.
You visited 1 branch You collected 297 gold pieces.

Inventory:

Hand Weapons
 j - a +0 giant spiked club
Armour
 a - a +0 robe
 b - a +0 kite shield (worn)
 k - a +2 robe of willpower (worn)
Jewellery
 l - an amulet of guardian spirit (around neck)
Wands
 c - a wand of paralysis (10)
Scrolls
 i - a scroll of blinking
Potions
 d - 3 potions of curing
 e - a potion of heal wounds
 g - 2 potions of magic
 h - a potion of berserk rage


   Skills:
 + Level 6.7 Fighting
 + Level 6.5 Dodging
 + Level 7.0 Shields
 * Level 7.8 Unarmed Combat


You had 5 spell levels left.
You didn't know any spells.
Your spell library was empty.

Dungeon Overview and Level Annotations

Branches:
Dungeon (1/1)

Altars:
Makhleb
Sif Muna
Vehumet
Wu Jian
Xom
Jiyva
Lugonu

Annotations:
D Sonja


Innate Abilities, Weirdness & Mutations

You are too large for most types of armour.
You have claws for hands.
Your natural rate of healing is unusually fast.
You are covered in fur. (AC +1)
You have tough skin. (AC +1)


Message History

There is an open door here.
You now have 189 gold pieces (gained 27).
You now have 216 gold pieces (gained 27).
You now have 243 gold pieces (gained 27).
You now have 270 gold pieces (gained 27).
You now have 297 gold pieces (gained 27).
There is an open door here.
You open the door.
Sonja, the Graceful Assassin comes into view.
She is wielding a +2 short sword of distortion and quivering curare-tipped darts.
Sonja shouts!
Sonja throws a curare-tipped dart.
The curare-tipped dart hits you.
You are poisoned.
You have difficulty breathing.
You feel yourself slow down.
Found 108 gold pieces.
You close the door.
You feel very sick.
You are mildly poisoned (59 -> 55).
You are slowed.
Your movement speed is very slow.
Your attack delay is about 1.4 (and is slowed by your shield).
Your damage rating with unarmed combat is about 25 (Base [9 + 7 (UC)] x 142% (Str) x 111% (Fight)).
Unknown command.
You feel yourself speed up.
You feel very sick.
Sonja opens the door.
You barely miss Sonja.
You feel sick.
Sonja hits you with a +2 short sword of distortion.
Space warps horribly around you! Sonja hits you but does no damage.
Space warps horribly around you!! Sonja completely misses you.
Sonja hits you but does no damage. Space warps around you!
Sonja hits you with a +2 short sword of distortion.
* * * LOW HITPOINT WARNING * * *
Sonja barely misses you.
You barely miss Sonja.
You feel sick.
Sonja hits you with a +2 short sword of distortion.
Space warps horribly around you!
* * * LOW HITPOINT WARNING * * *
Sonja hits you with a +2 short sword of distortion.
* * * LOW HITPOINT WARNING * * *
Sonja hits you with a +2 short sword of distortion.
You die...

###################
#<.#..'..#..'..#__#
#..)..#..').#..'..+
#..#####'#####'#__#
#..# #..#...#.####
#..# ####..##.#
#..# ##'#_.+ #⌠⌠#
+..._# #### #_@#+#
##K# #.# $.$ $.$
##.## #+#


You could see Sonja.

Vanquished Creatures
  A slime creature (D)
  Sigmund (D)
  An ogre (D)
  A jelly (D)
  Ijyb (D)
5 creatures vanquished.

Notes
Turn   | Place    | Note
-------+----------+-------------------------------------------
     0 | D        | purpskrrrp the Troll Fighter began the quest for the Orb.
     0 | D        | Reached XP level 1. HP: 22/22 MP: 0/0
     2 | D        | Noticed Ijyb
     9 | D        | Paralysed by Ijyb for 4 turns
    13 | D        | Killed Ijyb
    14 | D        | Reached XP level 2. HP: 29/31 MP: 1/1
    19 | D        | Noticed an ogre
    26 | D        | Killed an ogre
    27 | D        | Reached skill level 5 in Shields
    27 | D        | Reached XP level 3. HP: 32/40 MP: 2/2
    27 | D        | Reached XP level 4. HP: 39/49 MP: 3/3
    40 | D        | Noticed Sigmund
    44 | D        | Killed Sigmund
    45 | D        | Reached skill level 5 in Fighting
    45 | D        | Reached skill level 5 in Dodging
    45 | D        | Reached XP level 5. HP: 50/59 MP: 4/4
    66 | D        | Found a burning altar of Makhleb.
    66 | D        | Found a viscous altar of Jiyva.
    66 | D        | Found a shimmering altar of Xom.
    66 | D        | Found a corrupted altar of Lugonu.
    66 | D        | Noticed a slime creature
    73 | D        | Killed a slime creature
    74 | D        | Reached XP level 6. HP: 15/68 MP: 5/5
   128 | D        | Became a worshipper of Makhleb the Destroyer
   134 | D        | Found an ornate altar of the Wu Jian Council.
   134 | D        | Found a shimmering blue altar of Sif Muna.
   136 | D        | Found a radiant altar of Vehumet.
   171 | D        | Noticed Sonja
   175 | D        | HP: 1/68 [Sonja/+2 short sword of distortion (4)]
   175 | D        | Slain by Sonja

Illustrated notes

Levels and vault maps discovered:
D:        dungeon_sprint_1 [red_sonja_temple_1, red_sonja_temple_small_1]

Skill      XL: |  1  2  3  4  5 |
---------------+----------------+-----
Fighting       | 3 4 5 6 |  6.7
Dodging        | 3 4 5 6 |  6.5
Shields        | 3 5 6 7 |  7.0
Unarmed Combat | 3 4 6 7 |  7.8

Action                   |  1- 3 |  4- 6 || total
-------------------------+-------+-------++-------
Melee: Unarmed           |    13 |    12 ||    25
  Use: Potion            |     1 |     1 ||     2
Armor: Robe              |     2 |     2 ||     4
Dodge: Dodged            |     3 |     4 ||     7
Block: Kite shield       |     3 |       ||     3

Table legend: (Time is in decaauts)
 A = Elapsed time spent in this place.
 B = Non-inter-level travel time spent in this place.
 C = Inter-level travel time spent in this place.
 D = Time resting spent in this place.
 E = Time spent auto-exploring this place.
 F = Levels seen in this place.
 G = Mean time per level.
                   A        B        C        D        E       F      G
               +--------+--------+--------+--------+--------+-----+--------+
         Total |    177 |    177 |      0 |     41 |      0 |   1 |  177.0 |
       Dungeon |    177 |    177 |      0 |     41 |      0 |   1 |  177.0 |
               +--------+--------+--------+--------+--------+-----+--------+

Top non-repeatable levels by time:
       D: 177 daAuts
